 Dungeon Crawl Stone Soup version 0.23.2 (webtiles) character file.

Game seed: 9481027004320276064

723 Borgoz the Covered (level 7, 0/60 HPs)
             Began as a Ghoul Fighter on Apr 5, 2019.
             Slain by a water moccasin skeleton (3 damage)
             ... on level 4 of the Dungeon.
             The game lasted 00:08:52 (3020 turns).

Borgoz the Covered (Ghoul Fighter)                  Turns: 3020, Time: 00:08:53

Health: 0/60       AC: 11    Str: 20    XL:     7   Next: 71%
Magic:  6/6        EV: 11    Int:  4    God:
Gold:   206        SH:  0    Dex:  9    Spells: 6/6 levels left

rFire    . . .     SeeInvis +   a - +0 rapier
rCold    + . .     Gourm    .   (no shield)
rNeg     + + +     Faith    .   b - +0 scale mail
rPois    ∞         Spirit   .   l - +1 helmet
rElec    .         Reflect  .   (no cloak)
rCorr    .         Harm     .   (no gloves)
MR       .....                  (no boots)
Stlth    +.........             (no amulet)
HPRegen  0.00/turn              y - +2 ring of protection
MPRegen  0.10/turn              o - ring of see invisible

@: rotting
A: rotting body, claws 1, carnivore, cold resistance 1, negative energy
resistance 3, inhibited regeneration, torment resistance, unbreathing
a: no special abilities


You were on level 4 of the Dungeon.
You were not hungry.

You visited 1 branch of the dungeon, and saw 4 of its levels.

You collected 206 gold pieces.

Inventory:

Hand Weapons
 a - a +0 rapier (weapon)
 q - a +2 dagger of venom
 s - a +0 rapier
Armour
 b - a +0 scale mail (worn)
 c - a +0 shield
 l - a +1 helmet (worn)
Jewellery
 i - a +3 ring of intelligence
 o - a ring of see invisible (right claw)
 r - an uncursed ring of flight
 v - an uncursed ring of fire
 y - a +2 ring of protection (left claw)
Wands
 h - a wand of polymorph (7)
 t - a wand of paralysis (3)
Scrolls
 e - 10 scrolls of remove curse
 m - a scroll of teleportation
 p - a scroll of magic mapping
Potions
 w - a potion of ambrosia
 z - a potion of resistance
Comestibles
 f - 3 rations


   Skills:
 + Level 4.4 Fighting
 * Level 4.0 Short Blades
 * Level 4.6 Armour
 * Level 3.5 Dodging
 + Level 3.1 Stealth
 - Level 2.6 Shields


You had 6 spell levels left.
You didn't know any spells.
Your spell library was empty.

Dungeon Overview and Level Annotations

Branches:
Dungeon (4/15)
 Temple: D:4-7

Altars:
Trog

Shops:
D:4 (


Innate Abilities, Weirdness & Mutations

Your body is rotting away.
You thrive on raw meat.
You are immune to poison.
You have sharp fingernails.
You are carnivorous and can eat meat at any time.
Your flesh is cold resistant. (rC+)
You are immune to negative energy. (rN+++)
You do not regenerate when monsters are visible.
You are immune to unholy pain and torment.
You can survive without breathing.


Message History

You feel less invigorated.
You feel less confused.
Okay, then.
As you read the scroll of fear, it crumbles to dust.
You assume a fearsome visage.
The water moccasin skeleton is unaffected.
The ogre looks frightened!
The water moccasin skeleton barely misses you.
The water moccasin skeleton bites you but does no damage.
You puncture the water moccasin skeleton!
The water moccasin skeleton is moderately damaged.
The water moccasin skeleton bites you but does no damage.
You barely miss the water moccasin skeleton.
The water moccasin skeleton is moderately damaged.
The water moccasin skeleton bites you.
* * * LOW HITPOINT WARNING * * *
You barely miss the water moccasin skeleton.
The water moccasin skeleton is moderately damaged.
The water moccasin skeleton bites you.
You die...

......***#....##........#
......,,,...............#
._....,,,...............#
......,,,...............#
..#...,,,...........O...#
..#...,,,...............#
..#,,,**,...............#
,,*,,,**,.....##Z.......#
,,*,,,**,....,*#@.......#
,,*,,,,,,...............#
,,*,,,,,,...............#
,,*,,,,,,...............#
,,*,,,***#######........#
,,****** #........*
**,,,,,* #........*
*,,,,,* #........*
*,,,,,* *,,,,,,,,*


You could see an ogre (fleeing) and a water moccasin skeleton.

Vanquished Creatures
  Grinder (D:4)
  Sigmund (D:2)
  Duvessa (D:4)
  Dowan (D:4)
  A hound (D:4)
  An orc wizard (D:3)
  4 gnolls (D:3)
  6 adders
  An ooze (D:1)
  A worm (D:3)
  11 dart slugs
  2 leopard geckos (D:1)
  4 orcs (D:3)
  8 bats
  A giant cockroach (D:3)
  3 goblins
  7 hobgoblins
  2 jackals (D:1)
  A quokka (D:4)
  A ball python (D:3)
  2 frilled lizards (D:1)
  4 kobolds
  3 rats (D:3)
67 creatures vanquished.

Notes
Turn   | Place    | Note
-------+----------+-------------------------------------------
     0 | D:1      | Borgoz the Ghoul Fighter began the quest for the Orb.
     0 | D:1      | Reached XP level 1. HP: 19/19 MP: 0/0
   138 | D:1      | Reached XP level 2. HP: 22/26 MP: 1/1
   426 | D:1      | Reached skill level 1 in Dodging
   454 | D:1      | Reached XP level 3. HP: 26/31 MP: 2/2
   721 | D:2      | Noticed Sigmund
   727 | D:1      | Reached skill level 1 in Stealth
   920 | D:2      | Killed Sigmund
   920 | D:2      | Reached XP level 4. HP: 10/40 MP: 3/3
   920 | D:2      | Reached XP level 5. HP: 11/46 MP: 4/4
  1497 | D:3      | Reached XP level 6. HP: 38/52 MP: 5/5
  1778 | D:3      | HP: 2/52 [something (5)]
  1789 | D:3      | HP: 1/52 [something (2)]
  1801 | D:3      | HP: 1/52 [orc wizard/puff of flame (5)]
  2704 | D:4      | Found Rachiof's Weapon Shoppe.
  2716 | D:4      | Noticed Dowan
  2718 | D:4      | Noticed Duvessa
  2731 | D:4      | Killed Duvessa
  2731 | D:4      | Reached XP level 7. HP: 42/59 MP: 6/6
  2747 | D:4      | Killed Dowan
  2789 | D:4      | Found a bloodstained altar of Trog.
  2789 | D:4      | Noticed Grinder
  2790 | D:4      | Paralysed by Grinder for 2 turns
  2795 | D:4      | Paralysed by Grinder for 3 turns
  2810 | D:4      | Paralysed by Grinder for 4 turns
  2823 | D:4      | Killed Grinder
  3013 | D:4      | HP: 1/60 [ogre/+0 giant club (13)]
  3019 | D:4      | HP: 3/60 [water moccasin skeleton (2)]
  3020 | D:4      | Slain by a water moccasin skeleton

Skill      XL: |  1  2  3  4  5  6  7 |
---------------+----------------------+-----
Short Blades   | 2 3 4 |  4.0
Dodging        | 1 2 3 |  3.5
Armour         | 3 4 |  4.6
Stealth        | 2 3 |  3.1
Fighting       | 4 |  4.4
Shields        | |  2.6

Action                   |  1- 3 |  4- 6 |  7- 9 || total
-------------------------+-------+-------+-------++-------
Melee: Rapier            |    98 |   188 |    49 ||   335
Evoke: Wand              |       |     3 |       ||     3
  Use: Potion            |     3 |     3 |     1 ||     7
       Scroll            |       |     5 |     7 ||    12
 Stab: Paralysed         |       |     6 |       ||     6
  Eat: Chunk             |       |    23 |     3 ||    26
Armor: Scale mail        |    55 |   115 |    23 ||   193
Dodge: Dodged            |    60 |   139 |    19 ||   218
